 Dungeon Crawl Stone Soup version 0.31-a0-360-gb3e1d13bf4 (webtiles) character file.

Game seed: 16160278876619535610

5 CraigForest the Trooper (level 1, 18/18 HPs)
             Began as a Formicid Cinder Acolyte on July 26, 2023.
             Was an Initiate of Ignis.
             Got out of the dungeon alive.
             The game lasted 00:01:22 (100 turns).

CraigForest the Trooper (Formicid Cinder Acolyte)    Turns: 100, Time: 00:01:22

Health: 18/18      AC:  2    Str: 18    XL:     1   Next: 88%
Magic:  2/2        EV: 11    Int: 13    God:    Ignis [......]
Gold:   25         SH:  0    Dex:  9    Spells: 2/2 levels left

rFire   + .          .
                       - Unarmed
rCold   . . .        (no shield)
rNeg    . . .        a - +0 robe
rPois   .            (helmet unavailable)
rElec   .            (no cloak)
rCorr   .            (no gloves)
SInv    +            (no boots)
Will    .....        (no amulet)
Stlth   +            (no ring)
HPRegen 0.23/turn    (no ring)
MPRegen 0.08/turn

%: no passive effects
@: no status effects
A: permanent stasis, dig shafts and tunnels, antennae 3, four strong arms
a: Dig, Shaft Self, Renounce Religion, Rising Flame


You escaped.
You worshipped Ignis.
Ignis was noncommittal.
You visited 1 branch of the dungeon, and saw 1 of its levels.

You collected 25 gold pieces.

Inventory:

Hand Weapons
 b - a +0 war axe
Armour
 a - a +0 robe (worn)


   Skills:
 + Level 3.3 Fighting
 + Level 3.2 Unarmed Combat
 + Level 1.1 Spellcasting
 + Level 3.1 Fire Magic


You had 2 spell levels left.
You didn't know any spells.
Your spell library contained the following spells:

 Spells                   Type           Power      Damage    Failure   Level
 Scorch                   Fire           16%        2d6       12%         2


Dungeon Overview and Level Annotations

Branches:
Dungeon (1/15)

Altars:


Innate Abilities, Weirdness & Mutations

You cannot be hasted, slowed, berserked, paralysed or teleported.
You can dig through walls and to a lower floor.
You have a pair of large antennae on your head. (SInv)
Your four strong arms can wield two-handed weapons with a shield.


Message History

Flames leap up around you!
A bat comes into view.
Your foxfire dissipates!
The foxfire hits the bat.
The bat is moderately wounded.
The foxfire hits the bat.
You kill the bat!
Your foxfire dissipates! x7
Your foxfire dissipates! x7
Your foxfire dissipates!
You see here a giant cockroach corpse.
Activating: Foxfire Swarm
Press: ? - help, Q - select action, (/) - cycle Dir - look around, f - activate Flames leap up around you!
Your foxfire dissipates!
Your foxfire dissipates! x8
Your foxfire dissipates! x12
Activating: Foxfire Swarm
Press: ? - help, Q - select action, (/) - cycle Dir - look around, f - activate Flames leap up around you!
Your foxfire dissipates!
Activating: Foxfire Swarm
Press: ? - help, Q - select action, (/) - cycle Dir - look around, f - activate Flames leap up around you!
You can no longer armour yourself in flame.
You can no longer call a swarm of foxfires against your foes.
Your foxfire dissipates! x7
Your foxfire dissipates! x7
Your foxfire dissipates! x7
Your foxfire dissipates! x7
Unknown command.
Unknown command.
Unknown command.
Unknown command.
You see here a giant cockroach corpse.
You see here a +0 robe.
There is a staircase leading out of the dungeon here.
You can't go down here!
Are you sure you want to leave the Dungeon?
This will make you lose the game!
You have escaped!

..... #........)..
...........##.........##
..... #...............#
.....##...###....†#...#
..#.........#.....#...#
##..≈≈≈≈≈≈≈....#......#
.###..≈≈.....≈≈..........#
.....≈≈....♣..≈≈.........#
#..≈≈....@.8..≈≈.#........
#.≈..8.....♣..≈.#....#...
#.≈...........≈.##+###.v§
#.≈≈.......♣.≈≈[# ..
#..≈≈.♣..8..≈≈..#
#...≈≈.....≈≈..##
##...≈≈≈.≈≈≈..##
##...........#
##..........#


There were no monsters in sight!

Vanquished Creatures
  A giant cockroach (D:1)
  2 hobgoblins (D:1)
  A bat (D:1)
  A kobold (D:1)
5 creatures vanquished.

Vanquished Creatures (others)
  120 foxfires (D:1)
120 creatures vanquished.

Grand Total: 125 creatures vanquished

Notes
Turn   | Place    | Note
-------+----------+-------------------------------------------
     0 | D:1      | CraigForest the Formicid Cinder Acolyte began the quest for
                  | the Orb.
     0 | D:1      | Reached XP level 1. HP: 18/18 MP: 2/2
   100 | D:$      | Got out of the dungeon alive.

Illustrated notes

Levels and vault maps discovered:
D:1:      moated_graveyard_arrival, layout_basic, serial_shops, shop_fountains

Action                     || total
---------------------------++-------
  Melee: Unarmed           ||     1
 Invoke: Foxfire Swarm     ||     8

Table legend: (Time is in decaauts)
 A = Elapsed time spent in this place.
 B = Non-inter-level travel time spent in this place.
 C = Inter-level travel time spent in this place.
 D = Time resting spent in this place.
 E = Time spent auto-exploring this place.
 F = Levels seen in this place.
 G = Mean time per level.
                   A        B        C        D        E       F      G
               +--------+--------+--------+--------+--------+-----+--------+
         Total |     99 |     28 |     71 |      0 |      0 |   1 |   99.0 |
       Dungeon |     99 |     28 |     71 |      0 |      0 |   1 |   99.0 |
               +--------+--------+--------+--------+--------+-----+--------+

Top non-repeatable levels by time:
     D:1: 99 daAuts
